[Event "Titled Tuesday Blitz November 01 Late 2022"]
[White "Haszon, David"]
[Black "Pavlidou, Ekaterini"]
[WhiteFideId "733610"]
[BlackFideId "4213262"]
[WhiteElo "2211"]
[BlackElo "2125"]
[Result "1/2-1/2"]
[Round "09"]
[TimeControl "180+1"]
[Date "2022.11.02"]
[WhiteClock "0:00:08"]
[BlackClock "0:01:04"]

1. d4 Nf6 2. Bf4 c5 3. e3 b6 4. Nc3 Bb7 5. Nf3 e6 6. Nb5 d6 7. dxc5 e5 8. Bxe5 dxe5 9. Qxd8+ Kxd8 10. Nxe5 Bxc5 11. Nxf7+ Ke7 12. Nxh8 Nc6 13. Be2 Rxh8 14. c3 h5 15. Bf3 a5 16. O-O-O a4 17. Rhe1 Nd8 18. Nd4 Bxf3 19. Nxf3 Ne6 20. Nd4 Ne4 21. f3 N4g5 22. h4 Nf7 23. g3 Ne5 24. f4 Ng4 25. e4 Rc8 26. Kb1 g6 27. b3 axb3 28. axb3 b5 29. Kb2 b4 30. Nxe6 bxc3+ 31. Kxc3 Bf2+ 32. Kb4 Kxe6 33. Re2 Bxg3 34. f5+ gxf5 35. exf5+ Kxf5 36. Rd5+ Kg6 37. Re6+ Nf6 38. Rg5+ Kf7 39. Rxf6+ Kxf6 40. Rxg3 Re8 41. Rg5 Re4+ 42. Kc5 Rxh4 43. Rg8 Rh1 44. b4 h4 45. b5 Rc1+ 46. Kb6 h3 47. Rh8 Rc3 48. Ka7 Kg5 49. b6 Kg4 50. b7 Ra3+ 51. Kb6 Rb3+ 52. Kc7 Rc3+ 53. Kd7 Rb3 54. Kc8 Kg3 55. Rg8+ Kf2 56. Rf8+ Kg2 57. Rg8+ Kf2 58. Rh8 Kg2 59. Kc7 h2 60. Rg8+ Kf2 61. Rf8+ Kg1 62. Rg8+ Kf1 63. Rf8+ Kg1 64. Rg8+ Kf2 65. Rf8+ Kg2 66. Rg8+ Rg3 67. Rh8 Rc3+ 68. Kd7 Rd3+ 69. Kc7 Rc3+ 70. Kd7 Rb3 71. Kc7 Rb2 72. Rxh2+ Kxh2 73. b8=Q Rxb8 74. Kxb8 1/2-1/2


[Site "https://www.chess.com"]

[Event "Titled Tuesday Blitz November 01 Late 2022"]
[White "Hemam, Moulaye Brahim"]
[Black "Ali Abdullahi, Farah"]
[WhiteFideId "19600054"]
[BlackFideId "16100212"]
[WhiteElo "2088"]
[BlackElo "2286"]
[Result "1-0"]
[Round "09"]
[TimeControl "180+1"]
[Date "2022.11.02"]
[WhiteClock "0:01:30"]
[BlackClock "0:01:41"]

1. e4 e6 2. d4 d5 3. Nc3 Nf6 4. e5 Nfd7 5. f4 c5 6. Nf3 Nc6 7. Be3 cxd4 8. Nxd4 Nxd4 9. Bxd4 a6 10. Qd2 Bc5 11. O-O-O Bxd4 12. Qxd4 Qb6 13. Be2 Qxd4 14. Rxd4 Nc5 15. b4 Nd7 16. Kb2 b5 17. Bd3 Nb6 18. g4 h5 19. g5 g6 20. h4 Bd7 21. Kc1 Rc8 22. Kd2 Ke7 23. Ra1 Rc7 24. a4 Rhc8 25. a5 Nc4+ 26. Ke2 Nxe5 27. Nxd5+ exd5 28. fxe5 Bf5 29. Rxd5 Bxd3+ 30. cxd3 Rc2+ 31. Ke3 Rd2 32. Kxd2 1-0


[Site "https://www.chess.com"]

[Event "Titled Tuesday Blitz November 01 Late 2022"]
[White "Hua, Lefong"]
[Black "Brown, Andrew"]
[WhiteFideId "2602253"]
[BlackFideId "3206513"]
[WhiteElo "2589"]
[BlackElo "2245"]
[Result "1/2-1/2"]
[Round "09"]
[TimeControl "180+1"]
[Date "2022.11.02"]
[WhiteClock "0:00:33"]
[BlackClock "0:00:03"]

1. d4 g6 2. c4 Bg7 3. e4 d6 4. f4 Nd7 5. Nf3 e5 6. fxe5 dxe5 7. d5 Ngf6 8. Nc3 Nc5 9. Bg5 h6 10. Bxf6 Qxf6 11. b4 Nxe4 12. Nxe4 Qb6 13. Qb3 a5 14. c5 Qxb4+ 15. Qxb4 axb4 16. Bb5+ Bd7 17. Bxd7+ Kxd7 18. O-O f5 19. c6+ bxc6 20. dxc6+ Kxc6 21. Rac1+ Kb6 22. Nc5 e4 23. Ne5 Rxa2 24. Ncd7+ Kb7 25. Nc6 Bc3 26. Nxb4 Bxb4 27. Rb1 Kc8 28. Rxb4 Kxd7 29. Rd1+ Ke7 30. Rc4 Rc8 31. Rc6 Kf7 32. h4 e3 33. Rd7+ Ke8 34. Rd5 Ra1+ 35. Kh2 Kf7 36. Rd7+ Kf8 37. Rf6+ Ke8 38. Rff7 e2 39. Rfe7+ Kf8 40. Rf7+ Ke8 41. Rde7+ Kd8 42. Rd7+ Ke8 1/2-1/2


[Site "https://www.chess.com"]

[Event "Titled Tuesday Blitz November 01 Late 2022"]
[White "Ivic, Velimir"]
[Black "Lazavik, Denis"]
[WhiteFideId "950122"]
[BlackFideId "13515110"]
[WhiteElo "2863"]
[BlackElo "3016"]
[Result "1-0"]
[Round "09"]
[TimeControl "180+1"]
[Date "2022.11.01"]
[WhiteClock "0:00:18"]
[BlackClock "0:00:04"]

1. e4 e5 2. Nf3 Nc6 3. Bb5 Nf6 4. d3 Bc5 5. c3 O-O 6. O-O d5 7. Nbd2 dxe4 8. dxe4 a5 9. a4 Qe7 10. Qc2 Nb8 11. Be2 b6 12. Nc4 Nbd7 13. Ne3 g6 14. Nc4 Bb7 15. Bd3 Kg7 16. Bg5 h6 17. Bh4 Qe6 18. Bg3 Bd6 19. Nxd6 cxd6 20. Rad1 Nh5 21. Nd2 Nxg3 22. hxg3 d5 23. exd5 Bxd5 24. Rfe1 Nc5 25. Bb5 Rac8 26. Re3 Rfd8 27. Rde1 f6 28. Nf3 Qf7 29. Nh4 Be6 30. Qe2 g5 31. Nf3 Bd5 32. Nd4 Be6 33. Nxe6+ Qxe6 34. f4 Rc7 35. fxe5 f5 36. Rd1 Rxd1+ 37. Qxd1 Re7 38. Qd4 Ne4 39. g4 Nc5 40. Bc4 Qg6 41. e6+ Kh7 42. b4 f4 43. bxc5 Qb1+ 44. Kh2 Qb2 45. Bd3+ 1-0


[Site "https://www.chess.com"]

[Event "Titled Tuesday Blitz November 01 Late 2022"]
[White "Kanyamarala, Tarun"]
[Black "Vlassov, Nikolai"]
[WhiteFideId "45004714"]
[BlackFideId "4103360"]
[WhiteElo "2307"]
[BlackElo "2324"]
[Result "1/2-1/2"]
[Round "09"]
[TimeControl "180+1"]
[Date "2022.11.02"]
[WhiteClock "0:00:22"]
[BlackClock "0:00:53"]

1. Nf3 c5 2. e4 d6 3. d4 cxd4 4. Nxd4 Nf6 5. Nc3 g6 6. g3 Bg7 7. Bg2 O-O 8. O-O Nc6 9. Nxc6 bxc6 10. e5 dxe5 11. Bxc6 Rb8 12. b3 Qc7 13. Nd5 Nxd5 14. Bxd5 Rd8 15. Bg5 Bh3 16. Qf3 Bxf1 17. Qxf7+ Kh8 18. Rxf1 Rf8 19. Qxe7 Qxe7 20. Bxe7 Rfe8 21. Bc5 Rbc8 22. b4 a5 23. a3 Bf8 24. Bxf8 Rxf8 25. c4 axb4 26. axb4 Rb8 27. Rb1 Rfc8 28. b5 Rb6 29. Re1 Re8 30. Bc6 Re6 31. c5 Rb8 32. f4 e4 33. Bd5 Ree8 34. b6 Rec8 35. Bxe4 Rxc5 36. b7 Kg7 37. Ra1 Rb5 38. Ra8 R8xb7 39. Bxb7 Rxb7 40. Kg2 Rb2+ 41. Kh3 h5 42. Ra5 Rc2 43. Kh4 Kh6 44. h3 Rc4 45. Re5 Ra4 46. Rd5 Rb4 47. Ra5 Rc4 48. Rg5 Rb4 49. Re5 Ra4 50. Rg5 Rb4 51. Re5 Ra4 1/2-1/2


[Site "https://www.chess.com"]

[Event "Titled Tuesday Blitz November 01 Late 2022"]
[White "Kaplan, Avi Harrison"]
[Black "Poliakova, Varvara"]
[WhiteFideId "30934559"]
[BlackFideId "13518313"]
[WhiteElo "1983"]
[BlackElo "1938"]
[Result "0-1"]
[Round "09"]
[TimeControl "180+1"]
[Date "2022.11.02"]
[WhiteClock "0:00:01"]
[BlackClock "0:00:29"]

1. d4 e5 2. dxe5 d6 3. Nf3 Nc6 4. e4 Bg4 5. Bb5 dxe5 6. Nbd2 Bd6 7. O-O Nf6 8. h3 Bh5 9. c3 O-O 10. Bxc6 bxc6 11. Qc2 a5 12. c4 c5 13. b3 Nd7 14. Bb2 Qf6 15. Rfe1 h6 16. Re3 Rfd8 17. Nf1 Nb8 18. Rd1 Nc6 19. Red3 Nb4 20. Qb1 Nxd3 21. Rxd3 Bg6 22. Rd5 c6 23. Bxe5 Bxe5 24. Rxe5 Rd7 25. Rxc5 Rad8 26. Ne3 Qf4 27. Re5 f6 28. Re6 Kf7 29. Rxc6 Bxe4 30. Qc1 Bxc6 31. Ne1 Rd1 32. Qxd1 Rxd1 33. Nxd1 Qe4 34. Ne3 f5 35. Nf3 f4 36. Ng4 Qb1+ 37. Kh2 Bxf3 38. Ne5+ Ke6 39. Nxf3 Qxa2 40. h4 Qxf2 41. h5 Qb2 42. Kg1 Kf5 43. Kh2 Ke4 44. c5 Qc2 45. c6 Qxc6 46. Kh3 Qb5 47. Kh4 Ke3 48. Nh2 Qxb3 49. Ng4+ Ke4 50. Ne5 Qg3# 0-1


[Site "https://www.chess.com"]

[Event "Titled Tuesday Blitz November 01 Late 2022"]
[White "Kekic, Armin"]
[Black "Lehtosaari, Mauri"]
[WhiteFideId "14401274"]
[BlackFideId "501999"]
[WhiteElo "2132"]
[BlackElo "2502"]
[Result "0-1"]
[Round "09"]
[TimeControl "180+1"]
[Date "2022.11.02"]
[WhiteClock "0:00:05"]
[BlackClock "0:00:15"]

1. e4 c5 2. Nf3 e6 3. c3 Nf6 4. Bd3 c4 5. Bxc4 Nxe4 6. O-O d5 7. Bb5+ Bd7 8. Bxd7+ Nxd7 9. d3 Nef6 10. Bg5 Be7 11. Re1 O-O 12. Nbd2 Rc8 13. Nb3 h6 14. Bh4 Re8 15. Rc1 Qb6 16. Qe2 Qa6 17. a3 Qa4 18. Nbd4 a6 19. Qc2 Qxc2 20. Rxc2 Nc5 21. Rd1 Nfd7 22. Bxe7 Rxe7 23. Kf1 Nb6 24. Ke2 Rec7 25. Kd2 Ncd7 26. Re1 Nf6 27. Ne5 Nbd7 28. Ndf3 Nxe5 29. Nxe5 b5 30. h3 Kf8 31. g4 Nd7 32. Nxd7+ Rxd7 33. Ra1 Ke7 34. a4 Rcc7 35. axb5 axb5 36. f4 Ra7 37. Rcc1 Kd6 38. Ke3 Kc5 39. b4+ Kd6 40. Ra5 Rxa5 41. bxa5 Ra7 42. Ra1 Kc5 43. Ra2 f6 44. h4 e5 45. fxe5 fxe5 46. h5 d4+ 47. cxd4+ exd4+ 48. Ke4 b4 49. Rc2+ Kb5 50. Kxd4 b3 51. Rc8 Rxa5 52. Kc3 Ka4 53. d4 Ra7 54. d5 Ka3 55. Rb8 Rc7+ 56. Kd4 Rc1 57. d6 Rg1 58. d7 Rd1+ 59. Ke5 Rxd7 60. Kf5 Rc7 61. g5 Rc5+ 62. Ke6 Rxg5 0-1


[Site "https://www.chess.com"]

[Event "Titled Tuesday Blitz November 01 Late 2022"]
[White "Khandelwal, Ankush"]
[Black "Barria Zuniga, Daniel"]
[WhiteFideId "413470"]
[BlackFideId "3400816"]
[WhiteElo "2271"]
[BlackElo "2414"]
[Result "0-1"]
[Round "09"]
[TimeControl "180+1"]
[Date "2022.11.02"]
[WhiteClock "0:01:11"]
[BlackClock "0:00:26"]

1. e4 c5 2. Nf3 Nc6 3. d4 cxd4 4. Nxd4 Nf6 5. Nc3 e6 6. a3 Qc7 7. Be3 a6 8. Be2 Be7 9. O-O O-O 10. f4 Na5 11. Kh1 b5 12. e5 Ne8 13. Bf3 Bb7 14. Bxb7 Qxb7 15. f5 Nc4 16. Rf3 Nxe5 17. Rg3 Rc8 18. Qh5 g6 19. fxg6 Nxg6 20. Rf1 Ng7 21. Qh3 f5 22. Bh6 Bf6 23. Nf3 Rc4 24. Rxg6 hxg6 25. Ng5 Bxg5 26. Bxg5 Rg4 27. Bh6 Rc8 28. Rd1 Rcc4 29. Be3 Rh4 30. Qf3 Qxf3 31. gxf3 d5 32. Re1 d4 33. Bg5 Rh5 34. Ne2 Rxg5 0-1


[Site "https://www.chess.com"]

[Event "Titled Tuesday Blitz November 01 Late 2022"]
[White "Kleiman, Jake"]
[Black "Shipov, Sergei"]
[WhiteFideId "2020041"]
[BlackFideId "4113624"]
[WhiteElo "2639"]
[BlackElo "2788"]
[Result "1-0"]
[Round "09"]
[TimeControl "180+1"]
[Date "2022.11.01"]
[WhiteClock "0:00:12"]
[BlackClock "0:00:09"]

1. e4 e6 2. d3 d5 3. Nd2 c5 4. Ngf3 Nc6 5. g3 Nf6 6. Bg2 g6 7. O-O Bg7 8. exd5 Nxd5 9. Nb3 b6 10. d4 c4 11. Nbd2 c3 12. Ne4 Ba6 13. Re1 cxb2 14. Bxb2 O-O 15. Ne5 Rc8 16. Ba3 Nxe5 17. dxe5 Bxe5 18. Bxf8 Bxa1 19. Ba3 Bg7 20. Nd6 Rc3 21. Qc1 Bf8 22. Bb2 Qxd6 23. Bxd5 Qxd5 24. Bxc3 Bb7 25. Kf1 Qh1+ 26. Ke2 Qf3+ 27. Kd2 Bh6+ 28. Re3 Qxf2+ 29. Kd3 Ba6+ 30. Kd4 e5+ 31. Ke4 Bb7+ 32. Kd3 f6 33. Bd2 Qf5+ 34. Kc3 Qc8+ 35. Kb2 Bxe3 36. Bxe3 Qc4 37. Qd2 Bd5 38. Kc1 Qxa2 39. Qb4 Qc4 40. Qe7 Qf1+ 41. Kb2 Qb5+ 42. Kc1 Qf1+ 43. Kd2 Bf7 44. Bh6 Qf2+ 45. Kc1 Qg1+ 46. Kb2 Qd4+ 47. Kc1 Qa1+ 48. Kd2 Qa5+ 49. Kc1 Qe1+ 50. Kb2 1-0


[Site "https://www.chess.com"]

[Event "Titled Tuesday Blitz November 01 Late 2022"]
[White "Kodinets, Konstantin L."]
[Black "Zilleruelo Irizarry, Diego"]
[WhiteFideId "4122011"]
[BlackFideId "3101460"]
[WhiteElo "2447"]
[BlackElo "1998"]
[Result "0-1"]
[Round "09"]
[TimeControl "180+1"]
[Date "2022.11.02"]
[WhiteClock "0:00:06"]
[BlackClock "0:00:16"]

1. d4 d5 2. Nf3 e6 3. Bf4 Bd6 4. e3 Bxf4 5. exf4 Nf6 6. Nbd2 O-O 7. c3 b6 8. g3 c5 9. h4 Ba6 10. Bxa6 Nxa6 11. Qe2 Nc7 12. O-O Nce8 13. Rfe1 Nd6 14. Rad1 Nde4 15. Nf1 Rc8 16. Ne5 Nd7 17. f3 Nef6 18. Kg2 Nxe5 19. fxe5 Nd7 20. f4 cxd4 21. Rxd4 Nc5 22. Nd2 Qe7 23. h5 h6 24. a3 b5 25. Nf3 Ne4 26. Qxb5 Rb8 27. Qe2 Rb3 28. Rb4 Rb8 29. Qc2 R3xb4 30. axb4 Rc8 31. Qa4 Qb7 32. Ra1 Rc7 33. Qa6 Qb8 34. Nd4 Qe8 35. Nb5 Rd7 36. Qc6 Qd8 37. Nd4 Nd2 38. Ra6 Nc4 39. Qc5 Nxb2 40. Rxa7 Rxa7 41. Qxa7 Nd1 42. Qc5 Qa8 43. Qa5 Qb7 44. b5 Ne3+ 45. Kf3 Nc4 46. Qa6 Qc7 47. Qb6 Nxb6 48. Nc6 Nc4 49. Ke2 Qb6 50. Kd3 Qxb5 51. Ne7+ Kf8 52. Nc8 Nxe5+ 53. Kd4 Qc4+ 54. Kxe5 Qxc8 0-1


[Site "https://www.chess.com"]

[Event "Titled Tuesday Blitz November 01 Late 2022"]
[White "Kollars, Dmitrij"]
[Black "Sjugirov, Sanan"]
[WhiteFideId "12909572"]
[BlackFideId "4189302"]
[WhiteElo "2996"]
[BlackElo "2900"]
[Result "1-0"]
[Round "09"]
[TimeControl "180+1"]
[Date "2022.11.01"]
[WhiteClock "0:00:13"]
[BlackClock "0:00:10"]

1. e4 c5 2. Nf3 e6 3. c3 Nf6 4. e5 Nd5 5. d4 cxd4 6. cxd4 d6 7. Bc4 Be7 8. O-O O-O 9. Qe2 a6 10. Nc3 dxe5 11. dxe5 Nxc3 12. bxc3 Bd7 13. Bd3 Bc6 14. Rb1 Nd7 15. Nd4 Qc7 16. Nxc6 bxc6 17. Bf4 Rfd8 18. Bxa6 Nc5 19. Bc4 Ra4 20. g3 Rda8 21. Rfd1 g6 22. h4 h5 23. Bb3 R4a5 24. Rd4 Bf8 25. g4 Nxb3 26. axb3 Ra2 27. Rb2 Rxb2 28. Qxb2 hxg4 29. Qe2 Qb7 30. Qxg4 Qxb3 31. h5 Ra1+ 32. Kg2 Qb1 33. Bh2 Qf1+ 34. Kg3 Rc1 35. hxg6 Rxc3+ 36. f3 Rd3 37. gxf7+ Kxf7 38. Qh5+ Kg7 39. Qg5+ Kf7 40. Qf6+ Kg8 41. Qg6+ Bg7 42. Qxd3 Bxe5+ 43. f4 Qe1+ 44. Kh3 Bxd4 45. Qxd4 Qe2 46. Qd8+ Kf7 47. Qd7+ Kg6 48. Qxc6 Qd3+ 49. Bg3 Qf1+ 50. Qg2 Qd3 51. Kh2 Kf5 52. Qh3+ Kf6 53. Qg2 Qh7+ 54. Qh3 Qc2+ 55. Kg1 Qb1+ 56. Kg2 Qe4+ 57. Kh2 Qc2+ 58. Qg2 Qh7+ 59. Kg1 Qb1+ 60. Qf1 Qg6 61. Kg2 Qc2+ 62. Qf2 Qe4+ 63. Qf3 Qc2+ 64. Kh3 Qh7+ 65. Bh4+ Kf7 66. Qb7+ Kg6 67. Qxh7+ Kxh7 68. Kg4 Kg6 69. Bf2 Kf6 70. Bd4+ Kf7 71. Be5 1-0


[Site "https://www.chess.com"]

[Event "Titled Tuesday Blitz November 01 Late 2022"]
[White "Leitao, Rafael"]
[Black "Hoffmann, Asa"]
[WhiteFideId "2101246"]
[BlackFideId "2001470"]
[WhiteElo "2609"]
[BlackElo "2117"]
[Result "1-0"]
[Round "09"]
[TimeControl "180+1"]
[Date "2022.11.02"]
[WhiteClock "0:00:20"]
[BlackClock "0:00:06"]

1. c4 Nf6 2. Nc3 d6 3. d4 Bf5 4. g3 c6 5. Bg2 Nbd7 6. e4 Bg6 7. Nge2 e5 8. O-O Be7 9. h3 O-O 10. f4 exd4 11. Nxd4 h6 12. Kh2 Nc5 13. f5 Bh7 14. Bf4 a5 15. Nb3 b6 16. Nd4 Rc8 17. e5 dxe5 18. Bxe5 Nfd7 19. Bf4 Bf6 20. Nxc6 Rxc6 21. Bxc6 Re8 22. Nd5 Bxb2 23. Rb1 Be5 24. Bxe5 Rxe5 25. Nxb6 Bxf5 26. Rxf5 Rxf5 27. Nxd7 Qc7 28. Rb8+ Kh7 29. Nf8+ Kg8 30. Nd7+ Kh7 31. Qg4 Rg5 32. Nf8+ Kg8 33. Nd7+ Kh7 34. Be4+ Nxe4 35. Qxe4+ f5 36. Nf8+ Kh8 37. Ng6+ Kh7 38. Qf4 1-0


[Site "https://www.chess.com"]

[Event "Titled Tuesday Blitz November 01 Late 2022"]
[White "Li, Ben"]
[Black "Tayar, Jonathan"]
[WhiteFideId "2089980"]
[BlackFideId "2606534"]
[WhiteElo "2267"]
[BlackElo "2406"]
[Result "0-1"]
[Round "09"]
[TimeControl "180+1"]
[Date "2022.11.02"]
[WhiteClock "0:00:11"]
[BlackClock "0:00:08"]

1. d4 Nf6 2. c4 g6 3. Nc3 Bg7 4. e4 d6 5. Nf3 O-O 6. h3 e5 7. d5 Na6 8. Bg5 h6 9. Be3 Nc5 10. Nd2 a5 11. Be2 c6 12. g4 Bd7 13. h4 a4 14. g5 hxg5 15. Bxg5 Qa5 16. h5 Nfxe4 17. Be3 a3 18. Ncxe4 Nxe4 19. b4 Qxb4 20. Rb1 Qa5 21. hxg6 fxg6 22. Bg4 Bf5 23. Bxf5 Rxf5 24. Qg4 Nxd2 25. Bxd2 Qc5 26. Be3 Qa5+ 27. Ke2 Rf6 28. Rxb7 Raf8 29. Qd7 R6f7 30. Qe6 Qa4 31. Rxf7 Rxf7 32. Qe8+ Rf8 33. Qxc6 Qc2+ 34. Kf1 Qd1+ 35. Kg2 Qg4+ 36. Kh2 Rf5 37. Qc8+ Kh7 38. Bg5 Qxg5 39. Rg1 Qh4+ 40. Kg2 Qg4+ 41. Kf1 Rxf2+ 42. Kxf2 Qxc8 43. Rh1+ Bh6 44. Rc1 Qc5+ 45. Ke2 Bxc1 46. Kd1 Bb2 47. Kc2 Qxc4+ 48. Kd2 Qd4+ 49. Ke2 Qc4+ 50. Kf3 Qxa2 51. Kg4 Qxd5 52. Kg5 e4+ 53. Kg4 Qf5+ 54. Kg3 Be5+ 55. Kh4 Qf4+ 56. Kh3 Qg3# 0-1


[Site "https://www.chess.com"]

[Event "Titled Tuesday Blitz November 01 Late 2022"]
[White "Manolache, Marius"]
[Black "Ramirez, Alejandro"]
[WhiteFideId "1201530"]
[BlackFideId "6500617"]
[WhiteElo "2364"]
[BlackElo "2694"]
[Result "1/2-1/2"]
[Round "09"]
[TimeControl "180+1"]
[Date "2022.11.01"]
[WhiteClock "0:00:13"]
[BlackClock "0:00:06"]

1. d4 Nf6 2. Bg5 c5 3. d5 d6 4. c4 e6 5. Nc3 Be7 6. Bf4 Qa5 7. Bd2 exd5 8. Nxd5 Qd8 9. Bc3 Nxd5 10. Qxd5 O-O 11. e4 Nc6 12. Be2 Bf6 13. Qd2 Re8 14. Bd3 Bxc3 15. Qxc3 Qg5 16. Kf1 Nd4 17. Re1 f5 18. Ne2 Nxe2 19. Rxe2 fxe4 20. Bxe4 Bf5 21. Bd5+ Kh8 22. Re3 Bg6 23. h4 Qf5 24. Kg1 Rxe3 25. Qxe3 Re8 26. Qg3 Qb1+ 27. Kh2 Qxb2 28. f3 Qd4 29. Re1 Rxe1 30. Qxe1 b6 31. Kh3 Qe5 32. Qd2 h5 33. g3 a6 34. f4 Qf5+ 35. Kg2 Qc2 36. Qxc2 Bxc2 37. Bb7 a5 38. Kf3 Bb1 39. a3 Ba2 40. Ba6 d5 41. cxd5 Bxd5+ 42. Ke3 g6 43. f5 Kg7 44. fxg6 Kxg6 45. Bd3+ Kf6 46. Be2 Bf7 47. Kf4 Be8 48. g4 hxg4 49. Kxg4 b5 50. Kf4 b4 51. axb4 axb4 52. Ke4 Bc6+ 53. Ke3 Bd5 54. h5 c4 55. Kd4 c3 56. Bd3 Bf7 57. h6 Be6 58. Bc2 Bf7 59. Bd3 Bb3 60. Kc5 c2 61. Bxc2 Bxc2 62. Kxb4 Kg6 63. Kc3 Kxh6 1/2-1/2


[Site "https://www.chess.com"]

[Event "Titled Tuesday Blitz November 01 Late 2022"]
[White "Marchesich, Giovanni"]
[Black "Romero Ruscalleda, Josep"]
[WhiteFideId "2824790"]
[BlackFideId "2231859"]
[WhiteElo "2200"]
[BlackElo "2298"]
[Result "0-1"]
[Round "09"]
[TimeControl "180+1"]
[Date "2022.11.02"]
[WhiteClock "0:00:58"]
[BlackClock "0:00:16"]

1. f3 g6 2. Nh3 Bg7 3. Nf2 e5 4. g3 d5 5. Bg2 Nc6 6. O-O Nge7 7. d3 O-O 8. Nc3 d4 9. Nb1 f5 10. e4 f4 11. g4 Bf6 12. a4 Bh4 13. Na3 h5 14. h3 Kg7 15. Nc4 Rh8 16. b3 a6 17. Qe2 Be6 18. Bb2 Qd7 19. Nd1 Bg3 20. c3 hxg4 21. fxg4 Rh4 22. Nxe5 Nxe5 23. cxd4 Bxg4 24. hxg4 Nxg4 25. d5+ Kf7 26. Rf3 Qd6 27. Ne3 Qb6 28. d4 Nxe3 29. Qxe3 Rah8 30. Rxg3 fxe3 31. Rf1+ Ke8 32. Rxe3 Rh2 0-1


[Site "https://www.chess.com"]

[Event "Titled Tuesday Blitz November 01 Late 2022"]
[White "Marcolino, Daniel Mattos"]
[Black "Qashashvili, Alexandre"]
[WhiteFideId "2106841"]
[BlackFideId "13600842"]
[WhiteElo "2085"]
[BlackElo "2405"]
[Result "1-0"]
[Round "09"]
[TimeControl "180+1"]
[Date "2022.11.02"]
[WhiteClock "0:00:16"]
[BlackClock "0:00:45"]

1. d4 c6 2. Nf3 d5 3. g3 Bf5 4. Bg2 Nf6 5. c4 Qc8 6. Nc3 Bh3 7. O-O h5 8. Bf4 h4 9. Nxh4 Bxg2 10. Kxg2 Nbd7 11. Bg5 Ne4 12. Nxe4 dxe4 13. d5 f6 14. Be3 Ne5 15. Bd4 Nxc4 16. dxc6 bxc6 17. Qa4 g5 18. Qxc4 gxh4 19. Rh1 h3+ 20. Kf1 e5 21. Bc3 Bd6 22. e3 Ke7 23. Ke2 Rb8 24. Rhd1 Rd8 25. Rac1 Qb7 26. a3 Qb6 27. Qa4 Rdc8 28. Rc2 Qb5+ 29. Qxb5 cxb5 30. Rdc1 Rc4 31. Bd2 Rbc8 32. Rxc4 bxc4 33. Bb4 Bxb4 34. axb4 Kd6 35. Kd2 Kc6 36. Kc3 Rd8 37. Ra1 Kb6 38. b5 Kxb5 39. Rxa7 Rd3+ 40. Kc2 f5 41. Re7 Rd5 42. Rh7 f4 43. gxf4 exf4 44. Rxh3 f3 45. Rh4 Re5 46. Kc3 Kc5 47. Rg4 Kb5 48. h4 Re8 49. Kd4 Kb4 50. Rxe4 Rd8+ 51. Ke5 Kb3 52. h5 Re8+ 53. Kf4 Rxe4+ 54. Kxe4 Kxb2 55. h6 c3 56. h7 c2 57. h8=Q+ Kc1 58. Qc8 Kd2 59. Qxc2+ Kxc2 60. Kxf3 Kd3 61. e4 Kc4 62. Kf4 Kc5 63. Kf5 Kd6 64. Kf6 Kd7 65. Kf7 Kd6 66. f4 Kc5 67. e5 Kd5 68. e6 Kd4 69. e7 Ke4 70. e8=Q+ Kxf4 71. Qe6 Kg5 72. Qf6+ Kg4 73. Ke6 Kg3 74. Qf5 Kg2 75. Qf4 Kh3 76. Qg5 Kh2 77. Kf5 Kh1 78. Kf4 Kh2 79. Kf3 Kh1 80. Qg2# 1-0


[Site "https://www.chess.com"]

[Event "Titled Tuesday Blitz November 01 Late 2022"]
[White "Martinez Alcantara, Jose Eduardo"]
[Black "Svane, Rasmus"]
[WhiteFideId "3805662"]
[BlackFideId "4657101"]
[WhiteElo "3038"]
[BlackElo "2968"]
[Result "1-0"]
[Round "09"]
[TimeControl "180+1"]
[Date "2022.11.01"]
[WhiteClock "0:00:32"]
[BlackClock "0:00:01"]

1. e4 c6 2. d4 d5 3. e5 Bf5 4. h4 h5 5. Bd3 Bxd3 6. Qxd3 Qa5+ 7. b4 Qa6 8. e6 Qxd3 9. cxd3 Nh6 10. Nf3 Na6 11. Bxh6 gxh6 12. exf7+ Kxf7 13. a3 Bg7 14. Nbd2 Nc7 15. Nb3 Rhe8 16. Kd2 e5 17. dxe5 Bxe5 18. Nxe5+ Rxe5 19. Rae1 Rf5 20. Rhf1 Nb5 21. a4 Nd6 22. g3 Re8 23. Rxe8 Kxe8 24. Nd4 Rf6 25. Ne2 Kd7 26. Nf4 Rf5 27. Re1 d4 28. Rc1 a5 29. Rb1 axb4 30. Rxb4 c5 31. Rb1 Re5 32. Ng6 Re8 33. Rc1 Kc6 34. Rb1 b5 35. axb5+ Nxb5 36. Ra1 Nc3 37. Nf4 Rb8 38. Kc2 Re8 39. Ra6+ Kb5 40. Rxh6 Ra8 41. Rxh5 Ra2+ 42. Kb3 Rxf2 43. Ne6 Kb6 44. Nxc5 Rf1 45. Kc4 Rb1 46. Rh6+ Kc7 47. Ne6+ Kd7 48. Nxd4 Rc1 49. Nb3 Rc2 50. Nc5+ Ke7 51. d4 Rc1 52. Nb3 Rc2 53. Kd3 Rg2 54. Kxc3 Rxg3+ 55. Kc4 1-0


[Site "https://www.chess.com"]

[Event "Titled Tuesday Blitz November 01 Late 2022"]
[White "Martinez Molina, Carlos Alberto"]
[Black "Silva Lucena, Cristian"]
[WhiteFideId "5122708"]
[BlackFideId "2232588"]
[WhiteElo "2212"]
[BlackElo "2223"]
[Result "1-0"]
[Round "09"]
[TimeControl "180+1"]
[Date "2022.11.02"]
[WhiteClock "0:00:06"]
[BlackClock "0:01:19"]

1. d4 Nf6 2. c4 d6 3. Nc3 g6 4. e4 Bg7 5. Nf3 O-O 6. Be2 Bg4 7. Be3 Nc6 8. d5 Bxf3 9. gxf3 Nb8 10. Qd2 e5 11. O-O-O a5 12. h4 h5 13. f4 exf4 14. Bxf4 Nbd7 15. Rdg1 Re8 16. f3 Qe7 17. Bh6 Bh8 18. Bg5 a4 19. Nb5 Nc5 20. Nd4 a3 21. b3 Qe5 22. Bf4 Qe7 23. Nf5 Nfxe4 24. Nxe7+ Rxe7 25. fxe4 Nxe4 26. Qd3 Bb2+ 27. Kc2 Nc3 28. Bxh5 Nxa2 29. Bd2 Kf8 30. Bxg6 fxg6 31. Qxg6 Rg7 32. Bh6 Nb4+ 33. Kd2 1-0


[Site "https://www.chess.com"]

[Event "Titled Tuesday Blitz November 01 Late 2022"]
[White "Matinian, Nikita"]
[Black "Tokhirjonova, Gulrukhbegim"]
[WhiteFideId "24129100"]
[BlackFideId "14203626"]
[WhiteElo "2422"]
[BlackElo "2236"]
[Result "1-0"]
[Round "09"]
[TimeControl "180+1"]
[Date "2022.11.02"]
[WhiteClock "0:00:20"]
[BlackClock "0:00:01"]

1. e4 e5 2. Nf3 Nc6 3. Nc3 Nf6 4. Bc4 Bc5 5. d3 d6 6. Na4 Bb6 7. Nxb6 axb6 8. a4 h6 9. c3 O-O 10. O-O Ne7 11. Re1 Ng6 12. b4 c6 13. Bd2 Kh7 14. Qb3 Qe7 15. d4 Bg4 16. Be2 Nxe4 17. Qc2 Nxd2 18. Qxd2 e4 19. Ng5+ Qxg5 20. Qxg5 hxg5 21. Bxg4 f5 22. Bd1 d5 23. g3 f4 24. Bg4 Rf6 25. a5 bxa5 26. bxa5 Raf8 27. Reb1 R8f7 28. Rb2 Re7 29. Bc8 e3 30. fxe3 fxe3 31. Bxb7 Rf2 32. Rbb1 Nf8 33. a6 Ne6 34. a7 g4 35. Bxc6 Ng5 36. Bxd5 Nh3+ 37. Kh1 Rc2 38. Bg2 Nf2+ 39. Kg1 e2 40. a8=Q Nd3 41. Be4+ 1-0


[Site "https://www.chess.com"]

[Event "Titled Tuesday Blitz November 01 Late 2022"]
[White "McConnell, Griffin"]
[Black "Boidiya, Sidi"]
[WhiteFideId "30942551"]
[BlackFideId "19600100"]
[WhiteElo "2334"]
[BlackElo "2113"]
[Result "0-1"]
[Round "09"]
[TimeControl "180+1"]
[Date "2022.11.02"]
[WhiteClock "0:00:20"]
[BlackClock "0:00:48"]

1. e4 c5 2. Nc3 e6 3. Nge2 Nf6 4. d3 d5 5. Bg5 dxe4 6. dxe4 Qxd1+ 7. Rxd1 a6 8. f3 Nc6 9. a3 Be7 10. Be3 b6 11. g4 Bb7 12. Bg2 Rd8 13. Kf2 O-O 14. Rxd8 Rxd8 15. Rd1 Kf8 16. Rxd8+ Bxd8 17. h3 Ke8 18. f4 e5 19. f5 h6 20. Kg3 Nd4 21. Bxd4 cxd4 22. Nd5 Nxd5 23. exd5 Bg5 24. h4 Bd2 25. c4 b5 26. b3 Kd7 27. Kf3 Kd6 28. Ke4 a5 29. Kd3 Be1 30. h5 a4 31. Nc1 axb3 32. c5+ Kxc5 33. Nxb3+ Kd6 34. Ke2 Bc3 35. g5 f6 36. gxh6 gxh6 37. Nc1 Bxd5 38. Bh3 e4 39. Bg4 Ke5 40. Kd1 Kf4 41. Be2 Bc4 42. Bxc4 bxc4 43. Ne2+ Kxf5 44. Nxc3 dxc3 45. Kc2 e3 46. Kxc3 Ke5 47. a4 Kd5 48. a5 Kc5 49. Kc2 f5 50. Kd1 f4 51. Ke2 Kb5 52. a6 Kxa6 53. Kd1 f3 0-1


[Site "https://www.chess.com"]